 Dungeon Crawl Stone Soup version 0.29-a0-334-gb41bcbb86e (webtiles) character file.

Game seed: 12782954932121591241

168 Jortsu the Chopper (level 5, -2/46 HPs)
             Began as a Hill Orc Fighter on Apr 14, 2022.
             Was an Initiate of Beogh.
             Killed by nerve-wracking pain
             ... invoked by Menkaure
              (7 damage)
             ... on level 4 of the Dungeon.
             The game lasted 00:04:54 (2592 turns).

Jortsu the Chopper (Hill Orc Fighter)               Turns: 2592, Time: 00:04:54

Health: -2/46      AC:  7    Str: 24    XL:     5   Next: 49%
Magic:  5/5        EV:  8    Int:  8    God:    Beogh [......]
Gold:   860        SH: 13    Dex:  8    Spells: 4/4 levels left

rFire   . . .      SeeInvis +   a - +0 war axe
rCold   . . .      Faith    .   g - +1 kite shield "Ogeetsaufy" {-Cast +Inv rPois Str+3}
rNeg    . . .      Spirit   .   b - +0 scale mail
rPois   +          Reflect  .   (no helmet)
rElec   .          Harm     .   (no cloak)
rCorr   .          Rampage  .   (no gloves)
Will    .....      NoCast   +   (no boots)
Stlth   ..........              (no amulet)
HPRegen 0.15/turn               (no ring)
MPRegen 0.09/turn               (no ring)

@: no status effects
A: large bone plates 1, see invisible, clumsy 1, deterioration 1, no potion heal
1
a: Renounce Religion, Evoke Invisibility


You were on level 4 of the Dungeon.
You worshipped Beogh.
Beogh was noncommittal.
You visited 1 branch of the dungeon, and saw 4 of its levels.

You collected 860 gold pieces.

Inventory:

Hand Weapons
 a - a +0 war axe (weapon)
Armour
 b - a +0 scale mail (worn)
 c - a +0 buckler
 g - the +1 kite shield "Ogeetsaufy" (worn) {-Cast +Inv rPois Str+3}
   (You found it on level 2 of the Dungeon)

   Str:       It affects your strength (+3).
   rPois:     It protects you from poison.
   +Inv:      It lets you turn invisible.
   -Cast:     It prevents spellcasting.
Scrolls
 l - 2 scrolls of teleportation
 m - 2 scrolls of identify
Potions
 d - a potion of might
 e - a potion of brilliance {unknown}
 f - 2 potions of curing
 h - 2 potions of berserk rage
 i - a potion of attraction
 j - 2 potions of flight
 k - a potion of lignification {unknown}


   Skills:
 + Level 4.3 Fighting
 + Level 5.0 Axes
 + Level 4.2 Armour
 + Level 1.1 Dodging
 + Level 3.9 Shields


You had 4 spell levels left.
You didn't know any spells.
Your spell library contained the following spells:

 Spells                   Type           Power      Damage    Failure   Level
 Shock                    Conj/Air       0%         1d3       97%         1
 Swiftness                Air            0%         N/A       100%        3
 Airstrike                Air            0%         N/A       100%        4
 Summon Forest            Summ/Tloc      0%         N/A       100%        5
 Eringya's Noxious Bog    Tmut/Pois      0%         N/A       100%        6
 Summon Hydra             Summ           0%         N/A       100%        7


Dungeon Overview and Level Annotations

Branches:
Dungeon (4/15)
 Temple: D:4-7

Altars:
Xom

Shops:
D:1 (   D:3 (

Annotations:
D:4 Menkaure


Innate Abilities, Weirdness & Mutations

You are partially covered in large bone plates. (SH +4)
You have supernaturally acute eyesight. (SInv)
You are clumsy. (Dex -2)
Your body sometimes deteriorates upon taking damage.
Potions are less effective at restoring your health.


Message History

You slash Natasha!
You kill Natasha!
Beogh accepts your kill.
Natasha screams in pain as she dies!
The iron imp disappears in a puff of smoke!
Your Dodging skill increases to level 1!
Found a glowing battleaxe.
Found a hunting sling.
You swap places.
You see here a +1 battleaxe of flaming.
n - a +1 battleaxe of flaming Menkaure, Prince of Dust comes into view.
You drop a +1 battleaxe of flaming.
Menkaure shouts!
Menkaure is nearby!
Something barely misses the orc.
The orc hits something with a +0 falchion.
Found 13 gold pieces.
The orc priest hits Menkaure with a +0 club.
You completely miss Menkaure.
Menkaure is lightly damaged.
The orc priest hits Menkaure but does no damage.
Menkaure calls on the powers of darkness!
Your body is wracked with pain!
The orc priest convulses!
The orc convulses!
The orc wizard convulses!
You hit Menkaure.
Menkaure is lightly damaged.
The orc priest barely misses Menkaure.
You block Menkaure's attack.
The orc priest hits Menkaure with a +0 club.
You barely miss Menkaure.
Menkaure is heavily damaged.
Menkaure hits you!!
* * * LOW HITPOINT WARNING * * *
The orc priest hits Menkaure with a +0 club.
You hit Menkaure.
Menkaure is severely damaged.
The orc priest hits Menkaure with a +0 club.
Menkaure points at you and mumbles some strange words.
Pain shoots through your body!
You die...

#...............(........
#......#................
##.....).#..............
#.....o..##.##..........
##....o..##.###.........
#...............#....##.
##...##o......).##.#####.
.###....#..M.......##.###...
#.......##.@.......##......#
#.....#..#..........#..#####
#..............##..###.## #
.....#..................###.
.$####...............##..##.
## ##..............##..#..
....##.............##.
..##.................#. ...
###...>.......#.....


You could see Menkaure, a neutral orc priest (wandering), a neutral orc wizard
(wandering) and a neutral orc (wandering).

Vanquished Creatures
  An iguana (D:4)
  Natasha (D:4)
  2 gnolls (D:1)
  2 adders
  A worm (D:3)
  A dart slug (D:2)
  7 orcs (D:3)
  10 endoplasms
  2 giant cockroaches
  3 goblins
  5 hobgoblins
  7 jackals (D:1)
  2 kobolds (D:1)
  4 quokkas
  4 ball pythons
  5 bats
  10 rats
67 creatures vanquished.

Vanquished Creatures (others)
  An orc wizard (D:3)
  An orc (D:4)
  A plant (D:1)
  A withered plant (D:1)
4 creatures vanquished.

Grand Total: 71 creatures vanquished

Notes
Turn   | Place    | Note
-------+----------+-------------------------------------------
     0 | D:1      | Jortsu the Hill Orc Fighter began the quest for the Orb.
     0 | D:1      | Reached XP level 1. HP: 19/19 MP: 1/1
    15 | D:1      | Found Ejofookk's Weapon Emporium.
    35 | D:1      | Reached XP level 2. HP: 22/27 MP: 2/2
    47 | D:1      | Reached skill level 3 in Axes
   331 | D:1      | Reached XP level 3. HP: 33/33 MP: 3/3
   371 | D:1      | Found a faded altar of an unknown god.
   784 | D:1      | Identified a scroll of acquirement
   784 | D:1      | Acquired 718 gold pieces
   861 | D:2      | Found a shimmering altar of Xom.
   880 | D:2      | Identified the +1 kite shield "Ogeetsaufy" {-Cast +Inv
                  | rPois Str+3}
   984 | D:2      | Reached XP level 4. HP: 39/40 MP: 4/4
  1027 | D:2      | Reached skill level 4 in Axes
  1736 | D:3      | Found Viocubli's Weapon Shoppe.
  2047 | D:3      | Gained mutation: You possess an exceptional clarity of
                  | mind. [potion of mutation]
  2047 | D:3      | Gained mutation: You have a pair of small antennae on your
                  | head. [potion of mutation]
  2047 | D:3      | Gained mutation: You are frail. (-10% HP) [potion of
                  | mutation]
  2047 | D:3      | Gained mutation: You are partially covered in iridescent
                  | scales. (AC +2) [potion of mutation]
  2048 | D:3      | Lost mutation: You are partially covered in iridescent
                  | scales. (AC +2) [potion of mutation]
  2048 | D:3      | Lost mutation: You possess an exceptional clarity of mind.
                  | [potion of mutation]
  2048 | D:3      | Lost mutation: You have a pair of small antennae on your
                  | head. [potion of mutation]
  2048 | D:3      | Gained mutation: You are clumsy. (Dex -2) [potion of
                  | mutation]
  2048 | D:3      | Gained mutation: Potions are less effective at restoring
                  | your health. [potion of mutation]
  2048 | D:3      | Gained mutation: You possess an exceptional clarity of
                  | mind. [potion of mutation]
  2048 | D:3      | Gained mutation: You are partially covered in large bone
                  | plates. (SH +4) [potion of mutation]
  2049 | D:3      | Lost mutation: You possess an exceptional clarity of mind.
                  | [potion of mutation]
  2049 | D:3      | Lost mutation: You are frail. (-10% HP) [potion of
                  | mutation]
  2049 | D:3      | Gained mutation: You have supernaturally acute eyesight.
                  | (SInv) [potion of mutation]
  2049 | D:3      | Gained mutation: Your body sometimes deteriorates upon
                  | taking damage. [potion of mutation]
  2197 | D:3      | Reached XP level 5. HP: 46/46 MP: 5/5
  2512 | D:4      | Became a worshipper of Beogh the Brigand
  2516 | D:4      | Reached skill level 5 in Axes
  2559 | D:4      | Noticed Natasha
  2565 | D:4      | Killed Natasha
  2566 | D:4      | Reached skill level 1 in Dodging
  2575 | D:4      | Noticed Menkaure
  2592 | D:4      | Killed from afar by Menkaure

Illustrated notes

Levels and vault maps discovered:
D:1:      amcnicky_arrival_double_pillar, layout_rooms,
          shapermc_ecumenical_altar_gd, serial_shops, shop
D:2:      wad_crossroads, layout_basic, basic_altar
D:3:      layout_loops_ring, serial_shops, nicolae_square_shop
D:4:      layout_cave_pools, minmay_temple_entry_junction, uniq_natasha,
          uniq_menkaure

Skill      XL: |  1  2  3  4  5 |
---------------+----------------+-----
Axes           | 3 4 5 |  5.0
Fighting       | 4 |  4.3
Armour         | 4 |  4.2
Dodging        | 1 |  1.1
Shields        | |  3.9

Action                   |  1- 3 |  4- 6 || total
-------------------------+-------+-------++-------
Melee: War axe           |   106 |   123 ||   229
Invok: Convert to Beogh  |       |     1 ||     1
  Use: Scroll            |     5 |     3 ||     8
       Potion            |       |     3 ||     3
Armor: Scale mail        |    44 |    44 ||    88
Dodge: Dodged            |    48 |    37 ||    85
Block: Buckler           |    29 |       ||    29
       Kite shield       |     8 |    75 ||    83

Table legend: (Time is in decaauts)
 A = Elapsed time spent in this place.
 B = Non-inter-level travel time spent in this place.
 C = Inter-level travel time spent in this place.
 D = Time resting spent in this place.
 E = Time spent auto-exploring this place.
 F = Levels seen in this place.
 G = Mean time per level.
                   A        B        C        D        E       F      G
               +--------+--------+--------+--------+--------+-----+--------+
         Total |   2688 |   2649 |     39 |    368 |   1584 |   4 |  672.0 |
       Dungeon |   2688 |   2649 |     39 |    368 |   1584 |   4 |  672.0 |
               +--------+--------+--------+--------+--------+-----+--------+

Top non-repeatable levels by time:
     D:2: 947 daAuts
     D:1: 841 daAuts
     D:3: 779 daAuts
     D:4: 119 daAuts
